 Dungeon Crawl Stone Soup version 0.27-a0-412-g8dd771e (webtiles) character file.

Game seed: 2296361227955583557

56 MrTaco21 the Cudgeller (level 3, -3/29 HPs)
             Began as a Demonspawn Fighter on Feb 23, 2021.
             Slain by an ogre
             ... wielding a +0 giant club
              (17 damage)
             ... on level 4 of the Dungeon.
             The game lasted 00:01:18 (1379 turns).

MrTaco21 the Cudgeller (Demonspawn Fighter)         Turns: 1379, Time: 00:01:19

Health: -3/29      AC:  6    Str: 17    XL:     3   Next: 69%
Magic:  3/3        EV:  6    Int:  9    God:
Gold:   44         SH:  8    Dex: 12    Spells: 2/2 levels left

rFire    . . .     SeeInvis .   a - +0 flail
rCold    . . .     Faith    .   c - +0 kite shield
rNeg     . . .     Spirit   .   b - +0 scale mail
rPois    .         Reflect  .   (no helmet)
rElec    .         Harm     .   (no cloak)
rCorr    .         Rampage  .   (no gloves)
Will     .....                  (no boots)
Stlth    ..........             (no amulet)
HPRegen  0.09/turn              (no ring)
MPRegen  0.08/turn              (no ring)

@: no status effects
A: demonic guardian 1
a: no special abilities


You were on level 4 of the Dungeon.
You visited 1 branch of the dungeon, and saw 3 of its levels.

You collected 44 gold pieces.

Inventory:

Hand Weapons
 a - a +0 flail (weapon)
Missiles
 g - 16 poisoned darts (quivered)
Armour
 b - a +0 scale mail (worn)
 c - a +0 kite shield (worn)
Potions
 d - 2 potions of might
 e - 3 potions of flight {unknown}
 f - a potion of ambrosia {unknown}


   Skills:
 - Level 3.0 Fighting
 + Level 3.7 Maces & Flails
 - Level 2.6 Armour
 - Level 2.6 Shields


You had 2 spell levels left.
You didn't know any spells.
Your spell library was empty.

Dungeon Overview and Level Annotations

Branches:
Dungeon (2/15)

Altars:


Innate Abilities, Weirdness & Mutations

A weak demonic guardian rushes to your aid.


Message History

You fall into a shaft and drop 2 floors!
The shaft crumbles and collapses.
Found a spear and a scroll labelled FIG YF LOMP.
Found a stone staircase leading down.
A worker ant comes into view.
You block the worker ant's attack.
You closely miss the worker ant. The worker ant bites you.
A demonic guardian appears!
The worker ant bites you but does no damage.
You hit the worker ant but do no damage.
The worker ant bites you. x2
You are poisoned.
The worker ant poisons you!
You closely miss the worker ant.
You feel sick.
Your ufetubus hits the worker ant but does no damage.
Your ufetubus barely misses the worker ant.
The worker ant barely misses you.
Your ufetubus closely misses the worker ant.
Your ufetubus hits the worker ant but does no damage.
You hit the worker ant.
You feel sick.
Your ufetubus completely misses the worker ant.
Your ufetubus barely misses the worker ant.
The worker ant barely misses you.
Your ufetubus hits the worker ant.
Your ufetubus barely misses the worker ant.
The worker ant barely misses you.
Your ufetubus hits the worker ant but does no damage. x2
You hit the worker ant but do no damage.
You feel sick.
The worker ant bites you but does no damage.
Your ufetubus hits the worker ant but does no damage.
Your ufetubus closely misses the worker ant.
You block the worker ant's attack.
Your ufetubus hits the worker ant.
Your ufetubus barely misses the worker ant.
You thump the worker ant!
You kill the worker ant!
You start resting.
You feel sick. x5
You are no longer poisoned.
Your ufetubus disappears in a puff of smoke!
You start resting.
A giant cockroach comes into view.
An ogre comes into view. It is wielding a +0 giant club.
The giant cockroach bites you but does no damage.
You hit the giant cockroach.
The giant cockroach barely misses you. x2
You barely miss the giant cockroach. The ogre hits you with a +0 giant club!
* * * LOW HITPOINT WARNING * * *
You block the giant cockroach's attack.
You hit the ogre but do no damage. You block the giant cockroach's attack.
The ogre hits you with a +0 giant club!
Ouch! That really hurt!
You die...

#...# ###?...
+.....########.
#............
..###.#.........
..>...).........
#####.#.....####
.. #†....#
.......#.@B#
#..........O......
#.......#.........
#.##....##.......#
...............#
######.###.##...#
.. .. .... ... ...


You could see an ogre and a giant cockroach.

Vanquished Creatures
  A worker ant (D:4)
  An ooze (D:1)
  A dart slug (D:1)
  A leopard gecko (D:1)
  2 giant cockroaches (D:1)
  8 hobgoblins (D:1)
  A ball python (D:1)
  4 bats (D:1)
  A frilled lizard (D:1)
  3 goblins (D:1)
  2 kobolds (D:1)
  3 rats (D:1)
28 creatures vanquished.

Vanquished Creatures (collateral kills)
  A goblin (D:1)
  A frilled lizard (D:1)
  A kobold (D:1)
  A rat (D:1)
4 creatures vanquished.

Grand Total: 32 creatures vanquished

Notes
Turn   | Place    | Note
-------+----------+-------------------------------------------
     0 | D:1      | MrTaco21 the Demonspawn Fighter began the quest for the
                  | Orb.
     0 | D:1      | Reached XP level 1. HP: 18/18 MP: 1/1
   197 | D:1      | Gained mutation: A weak demonic guardian rushes to your
                  | aid. [demonic ancestry]
   197 | D:1      | Reached XP level 2. HP: 11/24 MP: 2/2
   690 | D:1      | Reached XP level 3. HP: 28/29 MP: 3/3
  1253 | D:2      | You fall into a shaft and drop 2 floors!
  1374 | D:4      | Noticed an ogre
  1379 | D:4      | Slain by an ogre

Illustrated notes

Levels and vault maps discovered:
D:1:      lightli_arrival_windingriver, layout_basic,
          chequers_serial_rivers_small_b
D:2:      layout_loops_cross, lemuel_doored_altar
D:4:      layout_basic, minitemple, minmay_temple_entry_glassed_door

Skill      XL: |  1  2 |
---------------+-------+-----
Maces & Flails | 2 3 |  3.7
Fighting       | |  3.0
Armour         | |  2.6
Shields        | |  2.6

Action                   || total
-------------------------++-------
Melee: Flail             ||   106
Armor: Scale mail        ||    57
Dodge: Dodged            ||    41
Block: Kite shield       ||    75

Table legend: (Time is in decaauts)
 A = Elapsed time spent in this place.
 B = Non-inter-level travel time spent in this place.
 C = Inter-level travel time spent in this place.
 D = Time resting spent in this place.
 E = Time spent auto-exploring this place.
 F = Levels seen in this place.
 G = Mean time per level.
                   A        B        C        D        E       F      G
               +--------+--------+--------+--------+--------+-----+--------+
         Total |   1438 |   1387 |     51 |    313 |    838 |   3 |  479.3 |
       Dungeon |   1438 |   1387 |     51 |    313 |    838 |   3 |  479.3 |
               +--------+--------+--------+--------+--------+-----+--------+

Top non-repeatable levels by time:
     D:1: 1293 daAuts
     D:4: 129 daAuts
     D:2: 14 daAuts
